 Dungeon Crawl Stone Soup version 0.13-a0-2772-g9cbdda8 (webtiles) character file.

58 4tharraofdagon the Chopper (level 2, -3/32 HPs)
             Began as a Djinni Berserker on Aug 23, 2013.
             Was a Follower of Trog.
             Slain by a worker ant (7 damage)
             ... on Level 5 of the Dungeon.
             The game lasted 00:02:13 (471 turns).

4tharraofdagon the Chopper (Djinni Berserker)        Turns: 471, Time: 00:02:13

HP  -3/32        AC  2     Str 22      XL: 2   Next: 51%
MP   0/0         EV 12     Int  7      God: Trog [*.....]
Gold 40          SH  0     Dex 12      Spells:  0 memorised,  1 level left

Res.Fire  : + + +   See Invis. : .   a - +0 hand axe {=f}
Res.Cold  : x . .   Warding    : .   b - +0 animal skin
Life Prot.: + + +   Conserve   : .   (no shield)
Res.Poison: .       Res.Corr.  : .   (no helmet)
Res.Elec. : .       Clarity    : .   (no cloak)
Sust.Abil.: . .     Spirit.Shd : .   (no gloves)
Res.Mut.  : .       Stasis     : .   (boots unavailable)
Res.Rott. : .       Flight     : .   (no amulet)
Saprovore : . . .                    (no ring)
                                     (no ring)

@: berserking, very slightly contaminated, very quick, not resistant to hostile
enchantments, extremely unstealthy
A: fire immunity, cold vulnerability, life protection 3
a: Burn Spellbooks, Berserk, Renounce Religion


You were on level 5 of the Dungeon.
You worshipped Trog.
Trog was pleased with you.
You were not hungry.

You visited 1 branch of the dungeon, and saw 5 of its levels.

You collected 20 gold pieces.

Inventory:

Hand weapons
 a - a +0,+0 hand axe (weapon) {=f}
Armour
 b - a +0 animal skin (worn)
Magical devices
 f - a wand of magic darts (6) {unknown}
Scrolls
 d - a scroll of fear {unknown}
 e - a scroll of remove curse {unknown}
Jewellery
 h - an uncursed ring of fire {unknown}
Potions
 c - a potion of might {unknown}
 g - a potion of brilliance {unknown}


   Skills:
 + Level 2.8 Fighting
 * Level 3.2 Axes
 + Level 2.5 Armour
 - Level 1.7 Dodging


You had one spell level left.
You didn't know any spells.

Dungeon Overview and Level Annotations

Branches:
Dungeon (5/27)             Temple (0/1) D:4

Altars:
Xom

Shops:
D:5: (

Annotations
D:4 exclusion: oklob sapling


Innate Abilities, Weirdness & Mutations

You are immune to all types of fire, even holy and hellish.
You are vulnerable to cold.
You need no food.
You have no legs.
You are immune to negative energy.


Message History

The hobgoblin skeleton closely misses you.
The hobgoblin hits you with a club.
Unknown command.
You barely miss the hobgoblin. You hit the worker ant.
The worker ant is moderately wounded.
You slash the hobgoblin skeleton!
You destroy the hobgoblin skeleton!
You barely miss the orc. You hit the adder skeleton.
The orc hits you with an orcish hand axe!
* * * LOW HITPOINT WARNING * * *
Unknown command.
You hit the hobgoblin.
The hobgoblin is heavily wounded.
You slash the worker ant!
The worker ant is almost dead.
You hit the hobgoblin.
The hobgoblin is severely wounded.
You barely miss the orc. You slash the adder skeleton!
The worker ant bites you!
You die...

...............#..
..............#......
...............##.....
....o...........##.....
..............∩..##.....
#..).....z..w...######.
#....o..........# ##
#.ozog.......###
#...@ao........#
#.....g.........#
#.............>.#
#.....(z...........
#.................
....>...........
..............
............ ......


You could see a worm, a worker ant, 5 orcs, 2 hobgoblins, an adder skeleton, a
rat skeleton and a jackal skeleton.

Vanquished Creatures
  An adder (D:2)
  A giant gecko (D:3)
  A giant cockroach (D:2)
  A kobold (D:2)
  2 bats
  A giant newt (D:2)
  A goblin (D:1)
  A hobgoblin skeleton (D:5)
9 creatures vanquished.

Notes
Turn   | Place    | Note
--------------------------------------------------------------
     0 | D:1      | 4tharraofdagon, the Djinni Berserker, began the quest for the Orb.
     0 | D:1      | Reached XP level 1. HP: 16/16 MP: 0/0
   147 | D:2      | Reached skill level 3 in Axes
   147 | D:2      | Reached XP level 2. EP: 22/22
   287 | D:3      | Found a shimmering altar of Xom.
   404 | D:4      | Found a staircase to the Ecumenical Temple.
   404 | D:4      | Noticed an oklob sapling
   439 | D:5      | Entered Level 5 of the Dungeon
   452 | D:5      | Found Apluag's Antique Weapon Emporium.
   471 | D:5      | Slain by a worker ant

Action                   || total
-------------------------++-------
Melee: Hand axe          ||    63
Invok: Berserk           ||     2
 Stab: Sleeping          ||     1
